 Dungeon Crawl Stone Soup version 0.22-a0-274-gf8199ec82f (webtiles) character file.

129 Ikesh the Charmwright (level 4, -4/36 HPs)
             Began as a Demigod Skald on Mar 14, 2018.
             Slain by a gnoll
             ... wielding a +0 halberd
              (13 damage)
             ... on level 3 of the Dungeon.
             The game lasted 00:10:39 (2501 turns).

Ikesh the Charmwright (Demigod Skald)               Turns: 2501, Time: 00:10:39

Health: -4/36      AC:  3    Str: 14    XL:     4   Next: 58%
Magic:  1/10       EV: 12    Int: 19    God:
Gold:   122        SH:  0    Dex: 17    Spells: 2/7 levels left

rFire    . . .     SeeInvis +   a - +0 spear
rCold    . . .     Gourm    .   (no shield)
rNeg     . . .     Faith    .   b - +1 leather armour
rPois    .         Spirit   .   (no helmet)
rElec    .         Reflect  .   (no cloak)
rCorr    .         Harm     .   (no gloves)
MR       .....     Rnd*Tele +   n - +0 pair of boots
Stlth    +.........             (no amulet)
HPRegen  0.12/turn              g - ring of teleportation (curse)
MPRegen  0.12/turn              l - ring of see invisible

@: infused, singing, very slightly contaminated
A: clever 1, deformed body, high mp 1, subdued magic 1
a: no special abilities


You were on level 3 of the Dungeon.
You were not hungry.

You visited 1 branch of the dungeon, and saw 3 of its levels.

You collected 122 gold pieces.

Inventory:

Hand Weapons
 a - a +0 spear (weapon)
 c - a +0 scythe
Armour
 b - a +1 leather armour (worn)
 n - a +0 pair of boots (worn)
Jewellery
 g - a cursed ring of teleportation (left hand)
 l - a ring of see invisible (right hand)
 m - an uncursed ring of flight
Wands
 j - a wand of flame (20)
Scrolls
 i - 2 scrolls of identify {unknown}
Potions
 e - a potion of might
 h - 2 potions of flight {unknown}
 k - a potion of cancellation {unknown}
Comestibles
 d - 2 rations


   Skills:
 + Level 2.0 Fighting
 + Level 2.7 Polearms
 + Level 1.3 Armour
 + Level 2.3 Dodging
 + Level 2.4 Spellcasting
 + Level 3.3 Charms
 + Level 0.8 Translocations


You had 2 spell levels left.
You knew the following spells:

 Your Spells              Type           Power        Failure   Level  Hunger
a - Infusion              Chrm           ##..         3%          1    #......
b - Shroud of Golubria    Chrm/Tloc      #.........   11%         2    ##.....
c - Song of Slaying       Chrm           ##......     6%          2    ##.....


Dungeon Overview and Level Annotations

Branches:
Dungeon (3/15)


Innate Abilities, Weirdness & Mutations

You have an increased reservoir of magic. (+10% MP)
Your mind is acute. (Int +2)
Armour fits poorly on your strangely shaped body.
Your spells are a little easier to cast, but a little less powerful.


Message History

The gnoll barely misses you.
You hit the gnoll.
The gnoll is severely wounded.
Your shroud bends the gnoll's attack away.
The gnoll hits you with a halberd!
Your shroud falls apart!
You hit the gnoll.
You kill the gnoll!
The gnoll hits you from afar with a halberd!
The gnoll barely misses you.
Things that are here:
a halberd; a gnoll corpse You hit the gnoll.
The gnoll is moderately wounded.
The gnoll hits you with a halberd!
* * * LOW HITPOINT WARNING * * *
You closely miss the gnoll.
The gnoll is moderately wounded.
The gnoll hits you with a halberd!
You die...

#.#.#.##.#######'###
#.#.#..g.# #.# #.#.#g#..#
#####.### #.#.#.##.#
#...'.'.. #.#.##.# #.###.###
#.#g##.# #.# #.# #
#.#....###'###.###
#g#.g#.'..........
#.#########@#..#.###'###.###
#.......<...#..#.# #.# #.# #
#############....# #.###.###
##.#.# #...'.'.. ##### #.#.#
#####.### #...######## #.#.#
#.# #..gg)g..g.#
#.#.#######'###
######..###.###.#
#.#............ ........#
#(# #.# #....(.>.......


You could see a gnoll.

Vanquished Creatures
  Jessica (D:2)
  A gnoll (D:3)
  3 adders
  5 dart slugs
  A leopard gecko (D:3)
  5 bats
  3 giant cockroaches (D:1)
  2 goblins (D:2)
  8 hobgoblins
  7 jackals
  8 kobolds
  A quokka (D:2)
  5 frilled lizards
  6 rats
56 creatures vanquished.

Notes
Turn   | Place    | Note
-------+----------+-------------------------------------------
     0 | D:1      | Ikesh the Demigod Skald began the quest for the Orb.
     0 | D:1      | Reached XP level 1. HP: 17/17 MP: 5/5
   437 | D:1      | Reached XP level 2. HP: 16/24 MP: 0/7
   447 | D:1      | Reached skill level 1 in Armour
   447 | D:1      | Reached skill level 3 in Charms
   719 | D:1      | Learned a level 2 spell: Shroud of Golubria
   722 | D:1      | Learned a level 2 spell: Song of Slaying
  1097 | D:2      | Reached XP level 3. HP: 29/29 MP: 3/8
  1179 | D:2      | Found a shadowy altar of Dithmenos.
  1216 | D:2      | Noticed Jessica
  1217 | D:2      | Gained mutation: Armour fits poorly on your strangely shaped body. [potion of mutation]
  1217 | D:2      | Gained mutation: Your spells are a little easier to cast, but a little less powerful. [potion of mutation]
  1217 | D:2      | Gained mutation: Your mind is acute. (Int +2) [potion of mutation]
  1223 | D:2      | Killed Jessica
  1686 | D:2      | Reached XP level 4. HP: 36/36 MP: 3/10
  2282 | D:3      | Found a hazy altar of Hepliaklqana.
  2501 | D:3      | Slain by a gnoll

Vault maps used:
D:1:      matt_arrival_grand_opening, fountainhead, st_stairs_11
D:2:      grunt_dithmenos_smoke, uniq_jessica
D:3:      kennysheep_slug_shrine, lemuel_doored_altar,
          overflow_temple_1_default, minmay_door_square

Skill      XL: |  1  2 |
---------------+-------+-----
Polearms       | 2 |  2.7
Armour         | 1 |  1.3
Dodging        | 2 |  2.3
Spellcasting   | 2 |  2.4
Charms         | 3 |  3.3
Fighting       | 2 |  2.0
Translocations | |  0.8

Action                   |  1- 3 |  4- 6 || total
-------------------------+-------+-------++-------
Melee: Spear             |   122 |    64 ||   186
 Cast: Infusion          |     8 |     6 ||    14
       Shroud of Golubri |    16 |    14 ||    30
       Song of Slaying   |     3 |     6 ||     9
  Use: Potion            |     4 |       ||     4
       Scroll            |     6 |       ||     6
  Eat: Chunk             |     4 |     3 ||     7
       Ration            |       |     1 ||     1
Armor: Leather armour    |    21 |     9 ||    30
Dodge: Dodged            |    70 |    44 ||   114

Table legend:
 A = Spawn XP
 B = Non-spawn XP
 C = Spawn XP percentage of total XP
 D = Spawn monster count
 E = Non-spawn monster count
 F = Spawn count percentage of total count
 G = Total turns spent on level
                    A         B        C        D         E        F      G
               +---------+---------+-------+---------+---------+-------+---------
         Total |       0 |     185 |   0.0 |       0 |      56 |   0.0 |  2501
               +---------+---------+-------+---------+---------+-------+---------
           D:1 |       0 |      44 |   0.0 |       0 |      21 |   0.0 |  1033
           D:2 |       0 |      87 |   0.0 |       0 |      18 |   0.0 |   958
           D:3 |       0 |      54 |   0.0 |       0 |      17 |   0.0 |   510
               +---------+---------+-------+---------+---------+-------+---------
